 Dungeon Crawl Stone Soup version 0.31.0-1-g2c135a0 (webtiles) character file.

Game seed: 13224033517223092368

22 ChiliFlavouring the Changeling (level 2, 0/16 HPs)
             Began as a Merfolk Shapeshifter on Jan 28, 2024.
             Slain by a jackal (2 damage)
             ... on level 4 of the Dungeon.
             The game lasted 00:03:44 (774 turns).

ChiliFlavouring the Changeling (MfSh)                Turns: 774, Time: 00:03:45

Health: 0/16       AC:  0    Str: 14    XL:     2   Next: 91%
Magic:  2/2        EV: 16    Int:  9    God:
Gold:   49         SH:  0    Dex: 13    Spells: 1/1 levels left

rFire   . .          .
                       - Unarmed
rCold   . . .        (shield currently unavailable)
rNeg    . . .        a - melded +0 animal skin
rPois   .            (no helmet)
rElec   .            (no cloak)
rCorr   .            (no gloves)
SInv    .            (no boots)
Will    .....        (no amulet)
Stlth   +            (no ring)
HPRegen 0.22/turn    (no ring)
MPRegen 0.08/turn

%: no passive effects
@: flux-form, glowing
A: glow, contaminating, reduced hp, (nimble swimmer 2), mertail
a: Begin Untransformation


You were on level 4 of the Dungeon.
You were something dangerously unstable.
You visited 1 branch of the dungeon, and saw 3 of its levels.

You collected 49 gold pieces.

Inventory:

Armour
 a - a +0 animal skin (melded)
Jewellery
 j - a ring of ice
Talismans
 c - a beast talisman
 d - a flux talisman (active)
Scrolls
 e - a scroll of silence {unknown}
 f - a scroll of vulnerability {unknown}
 g - a scroll of enchant armour {unknown}
 h - a scroll of poison {unknown}
 k - a scroll of teleportation {unknown}
 l - 2 scrolls of fog {unknown}
Potions
 b - a potion of lignification
 i - 2 potions of heal wounds {unknown}


   Skills:
 * Level 2.0 Fighting
 + Level 3.0 Dodging
 + Level 3.4 Unarmed Combat
 * Level 4.4 Shapeshifting


You had one spell level left.
You didn't know any spells.
Your spell library was empty.

Dungeon Overview and Level Annotations

Branches:
Dungeon (4/15)
 Temple: D:4-7

Altars:

Shops:
D:2 [

Portals:
Abyss: D:1***


Innate Abilities, Weirdness & Mutations

You are something dangerously unstable.
You glow with magical radiation, making you easy to see and hit.
Foes you strike become dangerously contaminated with magical radiation.
Your maximum health is decreased, since you lack skill for your form.
You are incapable of wielding weapons or throwing items.
((You are very nimble when in or above water. (Stealth+, EV+, Speed+++)))
Your lower body shifts to a powerful aquatic tail in water.


Message History

The frilled lizard falls through a shaft!
The shaft crumbles and collapses.
A malevolent force fills the Dungeon...
You fall into a shaft and drop 2 floors!
The shaft crumbles and collapses.
Found a mace.
Found a stone staircase leading down.
An endoplasm comes into view.
The endoplasm quivers.
You barely miss the endoplasm. You hit the endoplasm but do no damage.
The endoplasm begins to glow.
The endoplasm freezes you.
You are frozen.
You hit the endoplasm but do no damage.
The endoplasm glows dangerously bright.
The endoplasm closely misses you.
You hit the endoplasm.
The endoplasm shudders as magic cascades through it!!
You kill the endoplasm!
Found a glowing emerald potion.
Found a stone.
Found a stone staircase leading up.
Found a murky pink potion.
i - 2 glowing emerald potions (gained 1) 2 jackals come into view.
The jackal barks!
You hear a shout!
A goblin comes into view. It is wielding a +0 dagger.
The goblin shouts!
You see here a stone.
You barely miss the jackal. The jackal barely misses you. The jackal bites you.
You miss the jackal. The jackal barely misses you. The jackal bites you. x2
You closely miss the jackal. The jackal bites you. The jackal misses you.
You hit the jackal but do no damage.
The jackal begins to glow.
The jackal completely misses you. The jackal bites you. x2
* * * LOW HITPOINT WARNING * * *
You closely miss the jackal. The jackal barely misses you. x2
The jackal completely misses you.
You hit the jackal.
The jackal glows dangerously bright.
The jackal is heavily wounded.
The jackal misses you. The jackal bites you.
* * * LOW HITPOINT WARNING * * *
The jackal bites you.
You die...

......#....##.# #
......#....##.### .#
......#....##.#!##.# #
......#....##.#....#.#
.................###.###
........................
..............#.........
).....#########.(g......
....... .......ph......
##...###h...... #.⌠.
....... #.. ....... ....
....... ⌠.. ####..# #.#
.#


You could see 2 jackals and a goblin.

Vanquished Creatures
  A dart slug (D:1)
  5 endoplasms
  A giant cockroach (D:1)
  A goblin (D:1)
  2 hobgoblins (D:1)
  3 kobolds (D:1)
  A quokka (D:1)
  3 bats (D:1)
17 creatures vanquished.

Notes
Turn   | Place    | Note
-------+----------+-------------------------------------------
     0 | D:1      | ChiliFlavouring the Merfolk Shapeshifter began the quest
                  | for the Orb.
     0 | D:1      | Reached XP level 1. HP: 15/15 MP: 1/1
   178 | D:1      | Reached XP level 2. HP: 12/21 MP: 2/2
   695 | D:2      | Found Qomud's Antique Armour Emporium.
   718 | D:2      | You fall into a shaft and drop 2 floors!
   774 | D:4      | Slain by a jackal

Illustrated notes

Levels and vault maps discovered:
D:1:      minmay_arrival_glassed_features, layout_basic
D:2:      layout_loops_ring, serial_shops, shop,
          shapermc_ecumenical_altar_flowoftime, minmay_lizard_king
D:4:      layout_basic, lemuel_mausoleum_altar_kikubaaqudgha,
          mainiacjoe_overflow_small_starburst, minmay_temple_entry_junction,
          nicolae_kite_square_tiling_tiny, uniq_robin

Skill      XL: |  1  2 |
---------------+-------+-----
Dodging        | 3 |  3.0
Fighting       | 2 |  2.0
Unarmed Combat | |  3.4
Shapeshifting  | |  4.4

Action                     || total
---------------------------++-------
  Melee: Unarmed           ||    58
         Punch             ||     1
   Stab: Sleeping          ||     1
 Armour: Animal skin       ||    31
         Skin              ||     8
  Dodge: Dodged            ||    38
   Form: Beast             ||     3
                           ||     1
         Flux              ||     2
